 Dungeon Crawl Stone Soup version 0.28-a0-425-gd0eccab798 (webtiles) character file.

Game seed: 3164943520791012649

102 Shayle the Insei (level 5, -11/40 HPs)
             Began as a Djinni Warper on Sept 10, 2021.
             Killed by divine providence
             ... invoked by an orc priest
              (16 damage)
             ... on level 3 of the Dungeon.
             The game lasted 00:08:12 (3331 turns).

Shayle the Insei (Djinni Warper)                    Turns: 3331, Time: 00:08:13

Health: -11/40     AC:  5    Str: 10    XL:     5   Next: 6%
Gold:   90         EV: 11    Int: 15    God:
                   SH:  0    Dex: 13

rFire   + + .      SeeInvis .     - Unarmed
rCold   x . .      Faith    .   (no shield)
rNeg    . . .      Spirit   .   a - +0 leather armour
rPois   ∞          Reflect  .   k - +0 helmet
rElec   .          Harm     .   (no cloak)
rCorr   .          Rampage  .   i - +0 pair of gloves
Will    .....                   (boots unavailable)
Stlth   +.........              (no amulet)
HPRegen 0.13/turn               (no ring)
MPRegen 0.00/turn               (no ring)

@: wereblooded, flying
A: sickness immunity, fire resistance 2, cold vulnerability 1, float, innate
caster, hp casting, extra vitality 1
a: no special abilities


You were on level 3 of the Dungeon.
You visited 1 branch of the dungeon, and saw 4 of its levels.

You collected 90 gold pieces.

Inventory:

Missiles
 c - 3 boomerangs of dispersal (quivered)
 e - 2 boomerangs
Armour
 a - a +0 leather armour (worn)
 i - a +0 pair of gloves (worn)
 k - a +0 helmet (worn)
Jewellery
 g - an amulet of regeneration
 m - a ring of protection from fire
Scrolls
 b - a scroll of summoning
 f - a scroll of teleportation
 h - a scroll of holy word
Potions
 j - a potion of flight


   Skills:
 + Level 2.9 Fighting
 - Level 0.7 Throwing
 - Level 1.0 Armour
 - Level 2.1 Dodging
 * Level 3.7 Unarmed Combat
 + Level 2.9 Spellcasting


You couldn't memorise any spells.
You knew the following spells:

 Your Spells              Type           Power      Damage    Failure   Level
a - Blink                 Tloc           N/A        N/A       12%         2
b - Lesser Beckoning      Tloc           11%        N/A       24%         3
c - Gell's Gravitas       Tloc           5%         N/A       24%         3
d - Teleport Other        Tloc           11%        N/A       24%         3
e - Manifold Assault      Tloc           11%        N/A       92%         5
f - Apportation           Tloc           22%        N/A       9%          1
g - Wereblood             Tmut           11%        N/A       12%         2
Your spell library was empty.

Dungeon Overview and Level Annotations

Branches:
Dungeon (4/15)
 Temple: D:4-7

Altars:


Innate Abilities, Weirdness & Mutations

You are immune to sickness and miasma.
You are immune to poison.
Your flesh is very heat resistant. (rF++)
You are vulnerable to cold. (rC-)
You float through the air rather than walking.
You learn spells naturally, not from books.
Your magical power is your life essence.
You have superior vitality. (+4 HP)


Message History

The orc hits you with a +0 whip.
You hit the orc priest.
The orc priest is severely wounded.
The orc priest hits you but does no damage.
The orc closely misses you.
You closely miss the orc priest.
The orc priest is severely wounded.
The orc priest calls down the wrath of Beogh upon you.
You struggle to resist.
The orc hits you with a +0 whip.
You hit the orc priest.
The orc priest is almost dead.
The orc priest calls down the wrath of Beogh upon you.
Pain shoots through your body!
* * * LOW HITPOINT WARNING * * *
You closely miss the orc priest.
The orc priest is almost dead.
The orc hits you but does no damage.
The orc priest hits you but does no damage.
You hit the orc priest but do no damage.
The orc priest is almost dead.
The orc hits you but does no damage.
The orc priest hits you but does no damage.
You closely miss the orc priest.
The orc priest is almost dead.
The orc misses you.
You hit the orc priest but do no damage.
The orc priest is almost dead.
The orc priest miscasts a cantrip.
The orc hits you with a +0 whip.
* * * LOW HITPOINT WARNING * * *
You hit the orc priest but do no damage.
The orc priest is almost dead.
The orc priest looks encouraged for a moment.
The orc hits you with a +0 whip.
* * * LOW HITPOINT WARNING * * *
You hit the orc priest but do no damage.
The orc priest is almost dead.
The orc priest calls down the wrath of Beogh upon you.
Beogh smites you!
You die...

#.......................###..
#..........#.#..#######......
############.#..# ####...
#..#..# ###....# #.##..##
#....#.# #......# ##.#.##.#
#......####....##)#
#######..o...##...#####.#
#.......@........## #..#
#........o....#### #.##
#............## ##.#
#............# #..#
#............# #.##
#............# #.#
#....<.##.#### #.###
#......#...# #.#..
#......#...# #...#


You could see an orc priest and an orc.

Vanquished Creatures
  5 adders
  2 worms
  A dart slug (D:1)
  2 orcs
  5 endoplasms
  A giant cockroach (D:2)
  3 goblins
  6 hobgoblins
  A kobold (D:3)
  2 quokkas
  5 ball pythons
  7 bats
  4 frilled lizards
  4 rats
48 creatures vanquished.

Vanquished Creatures (collateral kills)
  A ball python (D:3)
1 creature vanquished.

Grand Total: 49 creatures vanquished

Notes
Turn   | Place    | Note
-------+----------+-------------------------------------------
     0 | D:1      | Shayle the Djinni Warper began the quest for the Orb.
     0 | D:1      | Reached XP level 1. HP: 18/18 MP: 0/0
   255 | D:1      | Reached XP level 2. HP: 21/23 MP: 0/0
   309 | D:1      | Found a faded altar of an unknown god.
   900 | D:2      | Reached XP level 3. HP: 10/29 MP: 0/0
   900 | D:2      | Learned a level 1 spell: Apportation
  1568 | D:1      | Reached skill level 3 in Unarmed Combat
  2029 | D:2      | Reached XP level 4. HP: 29/34 MP: 0/0
  3146 | D:3      | Reached XP level 5. HP: 36/40 MP: 0/0
  3146 | D:3      | Learned a level 2 spell: Wereblood
  3331 | D:3      | Killed from afar by an orc priest

Illustrated notes

Levels and vault maps discovered:
D:1:      saegor_arrival_simple_d, layout_rooms, basic_ecumenical_altar,
          serial_aquarium, aquarium_bridge_straight [aquarium_subvault_bridge,
          aquarium_subvault_wall, aquarium_subvault_bridge,
          aquarium_subvault_wall], aquarium_bridge_square
          [aquarium_subvault_window, aquarium_subvault_wall,
          aquarium_subvault_wall, aquarium_subvault_bridge],
          aquarium_window_fake, aquarium_window_double, aquarium_view_2f,
          aquarium_pool_four
D:2:      layout_rooms
D:3:      layout_rooms
D:4:      layout_cave_pools, kennysheep_mini_moat

Skill      XL: |  1  2  3 |
---------------+----------+-----
Unarmed Combat | 3 |  3.7
Fighting       | |  2.9
Throwing       | |  0.7
Armour         | |  1.0
Dodging        | |  2.1
Spellcasting   | |  2.9

Action                   |  1- 3 |  4- 6 || total
-------------------------+-------+-------++-------
Melee: Unarmed           |   155 |   135 ||   290
       Punch             |     1 |     3 ||     4
Throw: Boomerang         |     1 |     1 ||     2
 Cast: Wereblood         |       |     1 ||     1
  Use: Scroll            |     1 |     8 ||     9
       Potion            |       |     2 ||     2
Armor: Leather armour    |    66 |    40 ||   106
Dodge: Dodged            |    94 |    64 ||   158

Table legend: (Time is in decaauts)
 A = Elapsed time spent in this place.
 B = Non-inter-level travel time spent in this place.
 C = Inter-level travel time spent in this place.
 D = Time resting spent in this place.
 E = Time spent auto-exploring this place.
 F = Levels seen in this place.
 G = Mean time per level.
                   A        B        C        D        E       F      G
               +--------+--------+--------+--------+--------+-----+--------+
         Total |   3317 |   3244 |     73 |    790 |   1675 |   4 |  829.2 |
       Dungeon |   3317 |   3244 |     73 |    790 |   1675 |   4 |  829.2 |
               +--------+--------+--------+--------+--------+-----+--------+

Top non-repeatable levels by time:
     D:2: 1251 daAuts
     D:3: 1012 daAuts
     D:1: 959 daAuts
     D:4: 93 daAuts
